 Dungeon Crawl Stone Soup version 0.28-a0-957-g42eb19b844 (webtiles) character file.

Game seed: 12444431262249370193

2036 Hipnos the Thaumaturge (level 9, -17/46 HPs)
             Began as a Deep Elf Fire Elementalist on Nov 30, 2021.
             Was a Follower of Vehumet.
             Killed from afar by a steam dragon (20 damage)
             ... with a ball of steam
             ... on level 7 of the Dungeon.
             The game lasted 00:13:12 (8593 turns).

Hipnos the Thaumaturge (Deep Elf Fire Elementalist) Turns: 8593, Time: 00:13:12

Health: -17/46     AC:  4    Str:  5    XL:     9   Next: 4%
Magic:  7/24       EV: 13    Int: 25    God:    Vehumet [*.....]
Gold:   199        SH:  0    Dex: 15    Spells: 11/27 levels left

rFire   . . .      SeeInvis .   i - +2 whip (venom)
rCold   . . .      Faith    .   (no shield)
rNeg    . . .      Spirit   .   a - +0 robe
rPois   .          Reflect  .   (no helmet)
rElec   .          Harm     .   d - +0 cloak
rCorr   .          Rampage  .   u - +0 pair of gloves
Will    .....                   (no boots)
Stlth   ++........              (no amulet)
HPRegen 0.15/turn               (no ring)
MPRegen 0.19/turn               (no ring)

@: no status effects
A: no striking features
a: Renounce Religion


You were on level 7 of the Dungeon.
You worshipped Vehumet.
Vehumet was aware of your devotion.
You visited 2 branches of the dungeon, and saw 8 of its levels.

You collected 199 gold pieces.

Inventory:

Hand Weapons
 c - a +0 dagger
 e - a +1 short sword of draining
 i - a +2 whip of venom (weapon)
 o - a +4 quarterstaff of chaos
Missiles
 k - 2 throwing nets
Armour
 a - a +0 robe (worn)
 d - a +0 cloak (worn)
 u - a +0 pair of gloves (worn)
Jewellery
 s - a ring of flight
Wands
 w - a wand of flame (7)
Scrolls
 b - 3 scrolls of noise {unknown}
 f - 2 scrolls of blinking {unknown}
 g - a scroll of enchant armour {unknown}
 h - a scroll of immolation {unknown}
 j - a scroll of enchant weapon {unknown}
 l - 5 scrolls of teleportation {unknown}
 n - 6 scrolls of identify {unknown}
 t - a scroll of fog {unknown}
 y - a scroll of magic mapping {unknown}
Potions
 m - 2 potions of lignification {unknown}
 p - a potion of mutation {unknown}
 q - 3 potions of heal wounds {unknown}
 r - a potion of degeneration {unknown}
 v - 2 potions of curing {unknown}
 x - a potion of cancellation {unknown}


   Skills:
 + Level 0.9 Fighting
 + Level 0.2 Short Blades
 + Level 3.0 Dodging
 - Level 2.4 Stealth
 + Level 9.6 Spellcasting
 + Level 6.4 Conjurations
 * Level 1.7 Summonings
 + Level 8.3 Fire Magic


You had 11 spell levels left.
You knew the following spells:

 Your Spells              Type           Power      Damage    Failure   Level
a - Foxfire               Conj/Fire      100%       2x1d9     1%          1
b - Scorch                Fire           100%       2d10      1%          2
c - Conjure Flame         Conj/Fire      49%        6-21      1%          3
d - Inner Flame           Hex/Fire       32%        N/A       2%          3
e - Flame Wave            Conj/Fire      49%        2d8       2%          4
f - Call Canine Familiar  Summ           20%        N/A       8%          3

Your spell library contained the following spells:

 Spells                   Type           Power      Damage    Failure   Level
 Magic Dart               Conj           100%       1d8       1%          1
 Summon Guardian Golem    Hex/Summ       16%        N/A       11%         3
 Portal Projectile        Hex/Tloc       24%        N/A       16%         3
 Leda's Liquefaction      Hex/Erth       6%         N/A       45%         4
 Summon Forest            Summ/Tloc      8%         N/A       69%         5
 Summon Mana Viper        Hex/Summ       16%        N/A       69%         5
 Orb of Destruction       Conj           22%        9d9       97%         7
 Summon Cactus Giant      Summ           10%        N/A       98%         6
 Dispersal                Tloc           6%         N/A       100%        6
 Spellforged Servitor     Conj/Summ      16%        N/A       100%        7
 Disjunction              Tloc           6%         N/A       100%        8


Dungeon Overview and Level Annotations

Branches:
Dungeon (7/15)             Temple (1/1) D:5

Altars:
Ashenzari
Dithmenos
Fedhas
Gozag
Kikubaaqudgha
Vehumet

Shops:
D:1 =


Message History

You swap places.
Casting: Call Canine Familiar (dangerous; 8% risk of failure)
Confirm with . or Enter, or press ? or * to list all spells.
Your hound disappears in a puff of smoke!
You are too injured to fight recklessly!
Casting: Call Canine Familiar (dangerous; 8% risk of failure)
Confirm with . or Enter, or press ? or * to list all spells.
You conjure some foxfire!
Your hound closely misses the steam dragon.
The steam dragon bites your hound. The steam dragon misses your hound.
Your hound completely misses the steam dragon.
Casting: Foxfire (safe; 1% risk of failure)
Confirm with . or Enter, or press ? or * to list all spells.
You conjure some foxfire!
The foxfire hits the steam dragon.
The steam dragon is lightly wounded.
The foxfire hits the steam dragon.
The steam dragon is lightly wounded.
The steam dragon barely misses your hound.
The steam dragon claws your hound but does no damage.
Your hound barely misses the steam dragon.
Casting: Foxfire (safe; 1% risk of failure)
Confirm with . or Enter, or press ? or * to list all spells.
You conjure some foxfire!
The foxfire hits the steam dragon.
The steam dragon is moderately wounded.
Your hound bites the steam dragon but does no damage.
The steam dragon breathes steam at you. The ball of steam hits your hound!
The ball of steam hits you!!
* * * LOW HITPOINT WARNING * * *
Your hound is engulfed in a cloud of scalding steam.
Your hound dies!
Your hound's corpse disappears in a puff of smoke!
The foxfire hits the steam dragon but does no damage.
The steam dragon is moderately wounded.
The foxfire hits the steam dragon.
The steam dragon is heavily wounded.
Casting: Foxfire (safe; 1% risk of failure)
Confirm with . or Enter, or press ? or * to list all spells.
The steam dragon breathes steam at you. The ball of steam hits you!!
You die...

#) ######†####
#..........#
#..#.#.§.#.#
.#..#.#..v#.#
#...........#
#......#.(.#
#.........D#####
#..........§§@h#
#.#.....######.#
####..# ...
.##.####..###
##.#
..#.........# .#
#.#####.....# #
##.#####)....#
....>##.....#
#..#.##.....#


You could see a friendly hound (summoned).

Vanquished Creatures
  Sigmund (D:3)
  2 water moccasins
  An ice beast (D:7)
  2 black bears (D:4)
  A necrophage (D:6)
  An ogre (D:4)
  A phantom (D:4)
  A kobold brigand (D:6)
  A bullfrog (D:6)
  2 scorpions
  A gnoll sergeant (D:6)
  A water moccasin skeleton (D:6)
  A howler monkey (D:5)
  A jelly (D:6)
  A bullfrog skeleton (D:5)
  2 centaur zombies
  A gnoll shaman (D:5)
  Crazy Yiuf (D:3)
  2 orc priests
  A centaur skeleton (D:5)
  Ijyb (D:5)
  4 iguanas
  4 orc wizards
  A killer bee zombie (D:7)
  4 adders
  12 gnolls
  A shadow imp (D:7)
  An adder zombie (D:5)
  A worm (D:4)
  2 dart slugs
  13 orcs
  4 endoplasms
  5 giant cockroaches
  7 goblins
  4 hobgoblins
  4 jackals (D:1)
  18 kobolds
  6 quokkas
  5 ball pythons
  4 bats
  2 frilled lizards (D:1)
  5 rats
133 creatures vanquished.

Vanquished Creatures (collateral kills)
  8 foxfires (D:5)
8 creatures vanquished.

Vanquished Creatures (others)
  731 foxfires
731 creatures vanquished.

Grand Total: 872 creatures vanquished

Notes
Turn   | Place    | Note
-------+----------+-------------------------------------------
     0 | D:1      | Hipnos the Deep Elf Fire Elementalist began the quest for
                  | the Orb.
     0 | D:1      | Reached XP level 1. HP: 10/10 MP: 6/6
   245 | D:1      | Reached XP level 2. HP: 15/15 MP: 1/8
   888 | D:1      | Found Pegih's Jewellery Emporium.
  1103 | D:1      | Reached XP level 3. HP: 19/19 MP: 2/9
  1106 | D:1      | Learned a level 2 spell: Scorch
  1110 | D:1      | Learned a level 3 spell: Conjure Flame
  2001 | D:2      | Reached XP level 4. HP: 24/24 MP: 7/11
  2346 | D:3      | Reached skill level 4 in Spellcasting
  2355 | D:3      | Learned a level 3 spell: Inner Flame
  2941 | D:3      | Found a faded altar of an unknown god.
  2945 | D:3      | Noticed a great orb of eyes
  2972 | D:3      | Noticed a great orb of eyes
  2977 | D:3      | Noticed a floating eye
  2998 | D:3      | Noticed an eye of devastation
  3023 | D:3      | Noticed Sigmund
  3028 | D:3      | Killed Sigmund
  3029 | D:3      | Reached skill level 5 in Spellcasting
  3029 | D:3      | Reached skill level 5 in Fire Magic
  3029 | D:3      | Reached XP level 5. HP: 13/28 MP: 4/14
  3446 | D:3      | Found a runed translucent door.
  3447 | D:3      | Noticed Crazy Yiuf
  3455 | D:3      | Learned a level 4 spell: Flame Wave
  3466 | D:3      | Killed Crazy Yiuf
  3467 | D:3      | Reached XP level 6. HP: 4/33 MP: 2/16
  4263 | D:4      | Reached skill level 6 in Spellcasting
  4852 | D:4      | Reached XP level 7. HP: 37/37 MP: 13/19
  4949 | D:4      | Found a blossoming altar of Fedhas.
  5190 | D:4      | Reached skill level 7 in Spellcasting
  5521 | D:5      | Entered Level 5 of the Dungeon
  5792 | D:5      | Noticed Ijyb
  5802 | D:5      | Killed Ijyb
  5936 | D:5      | Found a staircase to the Ecumenical Temple.
  5944 | Temple   | Entered the Ecumenical Temple
  5989 | Temple   | Became a worshipper of Vehumet
  6061 | D:5      | Reached skill level 5 in Conjurations
  6380 | D:5      | Reached XP level 8. HP: 42/42 MP: 16/21
  6793 | D:5      | Found an ancient bone altar of Kikubaaqudgha.
  6882 | D:6      | Reached skill level 8 in Spellcasting
  7222 | D:6      | Found an opulent altar of Gozag.
  7649 | D:6      | Identified the +1 ring mail "Sef Log" {rC+ Str-5 Dex+3}
  7792 | D:6      | Reached skill level 9 in Spellcasting
  7875 | D:6      | Learned a level 3 spell: Call Canine Familiar
  8359 | D:7      | Reached skill level 1 in Summonings
  8520 | D:7      | Reached * piety under Vehumet
  8520 | D:7      | Offered knowledge of Magic Dart by Vehumet.
  8521 | D:7      | Reached XP level 9. HP: 46/46 MP: 18/24
  8589 | D:7      | HP: 2/46 [steam dragon/ball of steam (18)]
  8593 | D:7      | Killed from afar by a steam dragon

Illustrated notes

Levels and vault maps discovered:
D:1:      minmay_arrival_arboretum_small, layout_basic, serial_shops, shop,
          grunt_decor_one_mirror, minmay_misc_feat_roman
D:2:      layout_rooms, chequers_mini_garden
D:3:      layout_basic, hellmonk_ecumenical_altar_watching_god,
          kennysheep_path_1, uniq_crazy_yiuf_cottage, uniq_sigmund
D:4:      layout_layer_cave, fedhas_altar_4
D:5:      layout_basic, kennysheep_mini_moat, minmay_temple_entry_overgrown,
          uniq_ijyb
D:6:      layout_loops_ring, grunt_gozag_statues, minmay_misc_feat_square
D:7:      layout_loops_cross, minivault_25, grunt_ministairs_6
Temple:   minmay_temple_curvy_branch

Skill      XL: |  1  2  3  4  5  6  7  8 |
---------------+-------------------------+-----
Fire Magic     | 4 5 6 8 |  8.3
Conjurations   | 2 3 4 5 6 |  6.4
Spellcasting   | 5 6 7 9 |  9.6
Summonings     | 1 |  1.7
Dodging        | 3 |  3.0
Fighting       | |  0.9
Short Blades   | |  0.2
Stealth        | |  2.4

Action                   |  1- 3 |  4- 6 |  7- 9 || total
-------------------------+-------+-------+-------++-------
Melee: Dagger            |    12 |       |       ||    12
       Whip              |       |     1 |     4 ||     5
 Cast: Foxfire           |   122 |   109 |   238 ||   469
       Scorch            |       |     5 |    13 ||    18
       Conjure Flame     |       |     3 |       ||     3
       Flame Wave        |       |       |     2 ||     2
       Call Canine Famil |       |       |     3 ||     3
  Use: Potion            |       |     1 |       ||     1
Armor: Robe              |     3 |       |     4 ||     7
Dodge: Dodged            |     7 |     6 |    28 ||    41

Table legend: (Time is in decaauts)
 A = Elapsed time spent in this place.
 B = Non-inter-level travel time spent in this place.
 C = Inter-level travel time spent in this place.
 D = Time resting spent in this place.
 E = Time spent auto-exploring this place.
 F = Levels seen in this place.
 G = Mean time per level.
                   A        B        C        D        E       F      G
               +--------+--------+--------+--------+--------+-----+--------+
         Total |   8585 |   8477 |    108 |    632 |   6931 |   8 | 1073.1 |
       Dungeon |   8518 |   8432 |     86 |    632 |   6891 |   7 | 1216.9 |
        Temple |     67 |     45 |     22 |      0 |     40 |   1 |   67.0 |
               +--------+--------+--------+--------+--------+-----+--------+

Top non-repeatable levels by time:
     D:3: 1676 daAuts
     D:6: 1533 daAuts
     D:4: 1496 daAuts
     D:1: 1386 daAuts
     D:5: 1221 daAuts
     D:2: 952 daAuts
     D:7: 249 daAuts
  Temple: 67 daAuts
